 Dungeon Crawl Stone Soup version 0.32-a0-612-g1c984fe9d1 (webtiles) character file.

Game seed: 3724087787758126706

140 horus123 the Digger (level 5, -3/37 HPs)
             Began as a Gnoll Earth Elementalist on Mar 4, 2024.
             Was an Initiate of Makhleb.
             Slain by a lemure (4 damage)
             ... led by Pikel
             ... on level 4 of the Dungeon.
             The game lasted 00:05:09 (2813 turns).

horus123 the Digger (Gnoll Earth Elementalist)      Turns: 2813, Time: 00:05:10

Health: -3/37      AC:  4    Str:  8    XL:     5   Next: 23%
Magic:  0/12       EV: 13    Int: 16    God:    Makhleb [......]
Gold:   147        SH:  0    Dex: 12    Spells: 10/14 levels left

rFire   . . .        c - +0 trident
rCold   . . .        (no shield)
rNeg    . . .        a - +0 robe
rPois   +            j - +1 hat
rElec   .            (no cloak)
rCorr   .            r - +0 pair of gloves
SInv    .            (no boots)
Will    .....        (no amulet)
Stlth   +++          i - ring of poison resistance
HPRegen 0.26/turn    (no ring)
MPRegen 0.13/turn

%: no passive effects
@: no status effects
A: fangs 1, strong nose, distributed training
a: Renounce Religion


You were on level 4 of the Dungeon.
You worshipped Makhleb.
Makhleb was noncommittal.
You visited 2 branches of the dungeon, and saw 5 of its levels.

You collected 147 gold pieces.

Inventory:

Hand Weapons
 c - a +0 trident (weapon)
Missiles
 m - 6 silver javelins
Armour
 a - a +0 robe (worn)
 j - a +1 hat (worn)
 q - a +0 chain mail of cold resistance
 r - a +0 pair of gloves (worn)
Jewellery
 i - a ring of poison resistance (left hand)
Wands
 t - a wand of warping (8)
Scrolls
 e - 3 scrolls of immolation {unknown}
 f - a scroll of enchant armour {unknown}
 g - 2 scrolls of noise {unknown}
 k - a scroll of teleportation {unknown}
 n - 2 scrolls of poison {unknown}
 p - a scroll of blinking {unknown}
 u - a scroll of silence {unknown}
 v - a scroll of identify {unknown}
Potions
 b - 2 potions of magic
 d - a potion of heal wounds {unknown}
 h - a potion of attraction {unknown}
 l - a potion of might {unknown}
 o - a potion of degeneration {unknown}
 s - a potion of curing {unknown}


   Skills:
 + Level 1.4 Fighting
 + Level 1.4 Short Blades
 + Level 1.4 Long Blades
 + Level 1.4 Axes
 + Level 1.4 Maces & Flails
 + Level 1.4 Polearms
 + Level 1.4 Staves
 + Level 1.4 Ranged Weapons
 + Level 1.4 Throwing
 + Level 1.4 Armour
 + Level 4.8 Dodging
 + Level 4.4 Stealth
 + Level 1.4 Shields
 + Level 1.4 Unarmed Combat
 + Level 5.2 Spellcasting
 + Level 2.4 Conjurations
 + Level 1.1 Hexes
 + Level 1.1 Summonings
 + Level 1.1 Necromancy
 + Level 1.1 Translocations
 + Level 1.1 Fire Magic
 + Level 1.1 Ice Magic
 + Level 1.1 Air Magic
 + Level 5.5 Earth Magic
 + Level 1.1 Alchemy
 + Level 1.6 Invocations
 + Level 1.4 Evocations
 + Level 1.3 Shapeshifting


You had 10 spell levels left.
You knew the following spells:

 Your Spells              Type           Power      Damage    Failure   Level
a - Sandblast             Erth           42%        2d11      1%          1
b - Stone Arrow           Conj/Erth      32%        3d9       9%          3

Your spell library contained the following spells:

 Spells                   Type           Power      Damage    Failure   Level
 Passwall                 Erth           21%        N/A       4%          3
 Cigotuvi's Dreadful Rot  Necr/Alch/Air  14%        N/A       14%         2
 Brom's Barrelling Bould  Conj/Erth      16%        2d4       28%         4
 Petrify                  Alch/Erth      14%        N/A       36%         4
 Ignite Poison            Fire/Alch      7%         N/A       67%         4
 Freezing Cloud           Conj/Ice/Air   4%         6-21      91%         5


Dungeon Overview and Level Annotations

Branches:
Dungeon (4/15)             Temple (1/1) D:4

Altars:
Ashenzari
Elyvilon
Hepliaklqana
Kikubaaqudgha
Makhleb
Nemelex Xobeh
Qazlal
Sif Muna
Trog
Xom
Zin
The Shining One

Portals:
Abyss: D:4

Annotations:
D:4 1 transporter, Pikel; dogverified's ghost, amateur DEAl


Innate Abilities, Weirdness & Mutations

You have very sharp teeth.
Your uncanny sense of smell can sniff out nearby items.
Your experience applies equally to all skills.


Message History

That felt strangely unrewarding.
The lemure hits you!
You are too injured to fight recklessly!
You are too injured to fight recklessly!
Casting: Sandblast (safe; 1% risk of failure)
Confirm with . or Enter, or press ? or * to list all spells.
Aiming: Stone Arrow (dangerous; 9% risk of failure)
Press: ? - help, Shift-Dir - straight line, f/p - lemure
Aim: a lemure (lightly wounded, 60% to hit)
The stone arrow hits the lemure!
The lemure is severely wounded.
The lemure hits you.
* * * LOW HITPOINT WARNING * * *
Casting: Stone Arrow (dangerous; 9% risk of failure)
Confirm with . or Enter, or press ? or * to list all spells.
Aiming: Stone Arrow (dangerous; 9% risk of failure)
Press: ? - help, Shift-Dir - straight line, f/p - lemure
Aim: a lemure (severely wounded, 60% to hit)
The stone arrow hits the lemure!
You kill the lemure!
That felt strangely unrewarding.
Casting: Stone Arrow (dangerous; 9% risk of failure)
Confirm with . or Enter, or press ? or * to list all spells.
Aiming: Stone Arrow (dangerous; 9% risk of failure)
Press: ? - help, Shift-Dir - straight line, f - lemure
Aim: a lemure (60% to hit)
The stone arrow misses the lemure.
The stone arrow misses Pikel.
The stone arrow misses the lemure.
The lemure hits you!
* * * LOW HITPOINT WARNING * * *
Pikel says, "Hell isn't that bad."
Casting: Stone Arrow (dangerous; 9% risk of failure)
Confirm with . or Enter, or press ? or * to list all spells.
Okay, then.
Aiming: Sandblast (safe; 1% risk of failure)
Press: ? - help, Q - select action, (/) - cycle Shift-Dir - straight line, f/p - lemure
Aim: a lemure (79% to hit)
The blast of sand hits the lemure but does no damage.
The lemure barely misses you. The lemure hits you.
* * * LOW HITPOINT WARNING * * *
You barely miss the lemure. The lemure hits you.
You die...

#####..............<#
###.#####.####### ..
..#.....#.# ..#
#.#.#†#.#.# ..
#.#.#...#.#
#.##.#.##..#.#
#..#.#.......#
###.#.#######.######
).....# #....5K5@..#
.....K###.###.####.#
....$5#.K...#.# #.#
#.#.#.#.....#.# #.#
..(..†##.ß5##.# #.#
+##.#.......#.# #.#
#....ß.>.ß#.# #.#
+[##......#.# #.#
#....#.ß.##.####.###


You could see Pikel and 2 lemures.

Vanquished Creatures
  2 lemures (D:4)
  Terence (D:3)
  A gnoll (D:2)
  4 adders
  2 dart slugs
  A ribbon worm (D:2)
  5 bats
  10 endoplasms
  2 giant cockroaches (D:1)
  6 goblins
  5 hobgoblins
  8 jackals
  5 ball pythons
  6 frilled lizards
  3 kobolds
  A rat (D:1)
62 creatures vanquished.

Notes
Turn   | Place    | Note
-------+----------+-------------------------------------------
     0 | D:1      | horus123 the Gnoll Earth Elementalist began the quest for
                  | the Orb.
     0 | D:1      | Reached XP level 1. HP: 13/13 MP: 6/6
   207 | D:1      | Reached XP level 2. HP: 19/19 MP: 4/7
   861 | D:2      | Reached skill level 5 in Spellcasting
   861 | D:2      | Reached XP level 3. HP: 25/25 MP: 6/9
   865 | D:2      | Learned a level 3 spell: Stone Arrow
   997 | D:2      | Reached skill level 1 in Invocations
  1105 | D:2      | Reached skill level 1 in Fighting
  1105 | D:2      | Reached skill level 1 in Short Blades
  1105 | D:2      | Reached skill level 1 in Long Blades
  1105 | D:2      | Reached skill level 1 in Axes
  1105 | D:2      | Reached skill level 1 in Maces & Flails
  1105 | D:2      | Reached skill level 1 in Polearms
  1105 | D:2      | Reached skill level 1 in Staves
  1105 | D:2      | Reached skill level 1 in Ranged Weapons
  1105 | D:2      | Reached skill level 1 in Throwing
  1105 | D:2      | Reached skill level 1 in Armour
  1105 | D:2      | Reached skill level 1 in Shields
  1105 | D:2      | Reached skill level 1 in Unarmed Combat
  1105 | D:2      | Reached skill level 1 in Evocations
  1151 | D:2      | Found a faded altar of an unknown god.
  1333 | D:2      | Reached skill level 1 in Shapeshifting
  1333 | D:2      | Reached XP level 4. HP: 32/32 MP: 9/11
  1614 | D:3      | Reached skill level 1 in Hexes
  1614 | D:3      | Reached skill level 1 in Summonings
  1614 | D:3      | Reached skill level 1 in Necromancy
  1614 | D:3      | Reached skill level 1 in Translocations
  1614 | D:3      | Reached skill level 1 in Fire Magic
  1614 | D:3      | Reached skill level 1 in Ice Magic
  1614 | D:3      | Reached skill level 1 in Air Magic
  1614 | D:3      | Reached skill level 1 in Alchemy
  2081 | D:3      | Noticed Terence
  2088 | D:3      | Killed Terence
  2089 | D:3      | Reached XP level 5. HP: 3/37 MP: 2/12
  2515 | D:4      | Found a transporter.
  2519 | D:4      | Found a one-way gate to the infinite horrors of the Abyss.
  2519 | D:4      | Noticed dogverified's ghost (amateur DEAl)
  2728 | D:4      | Found a staircase to the Ecumenical Temple.
  2740 | Temple   | Entered the Ecumenical Temple
  2761 | Temple   | Became a worshipper of Makhleb the Destroyer
  2780 | D:4      | Noticed a lemure
  2782 | D:4      | Noticed a lemure
  2782 | D:4      | Noticed a lemure
  2783 | D:4      | Noticed Pikel
  2785 | D:4      | Noticed a lemure
  2808 | D:4      | Killed a lemure
  2810 | D:4      | Killed a lemure
  2812 | D:4      | HP: 1/37 [lemure[Pikel] (4)]
  2813 | D:4      | Slain by a lemure

Illustrated notes

Levels and vault maps discovered:
D:1:      ncdulo_watergridlock, layout_rooms, roderic_roman_lattice
D:2:      layout_loops_ring, basic_ecumenical_altar, cheibrodos_gnoll_hut
D:3:      layout_loops_ring, uniq_terence
D:4:      layout_basic, fiery_altar_vehumet,
          minmay_temple_entry_statues_pillars, gammafunk_ghost_abyssal_escape,
          minmay_misc_feat_ornament, minmay_misc_feat_doors, uniq_pikel,
          uniq_eustachio
Temple:   hc_temple_tempest_star

Skill      XL: |  1  2  3  4 |
---------------+-------------+-----
Conjurations   | 2 |  2.4
Spellcasting   | 5 |  5.2
Invocations    | 1 |  1.6
Fighting       | 1 |  1.4
Short Blades   | 1 |  1.4
Long Blades    | 1 |  1.4
Axes           | 1 |  1.4
Maces & Flails | 1 |  1.4
Polearms       | 1 |  1.4
Staves         | 1 |  1.4
Ranged Weapons | 1 |  1.4
Throwing       | 1 |  1.4
Armour         | 1 |  1.4
Shields        | 1 |  1.4
Unarmed Combat | 1 |  1.4
Evocations     | 1 |  1.4
Shapeshifting  | 1 |  1.3
Hexes          | 1 |  1.1
Summonings     | 1 |  1.1
Necromancy     | 1 |  1.1
Translocations | 1 |  1.1
Fire Magic     | 1 |  1.1
Ice Magic      | 1 |  1.1
Air Magic      | 1 |  1.1
Alchemy        | 1 |  1.1
Dodging        | |  4.8
Stealth        | |  4.4
Earth Magic    | |  5.5

Action                     |  1- 3 |  4- 6 || total
---------------------------+-------+-------++-------
  Melee: Short sword       |     2 |       ||     2
         Trident           |       |     1 ||     1
   Cast: Sandblast         |    51 |    37 ||    88
         Stone Arrow       |       |     5 ||     5
 Armour: Robe              |     4 |    21 ||    25
  Dodge: Dodged            |     9 |    20 ||    29

Table legend: (Time is in decaauts)
 A = Elapsed time spent in this place.
 B = Non-inter-level travel time spent in this place.
 C = Inter-level travel time spent in this place.
 D = Time resting spent in this place.
 E = Time spent auto-exploring this place.
 F = Levels seen in this place.
 G = Mean time per level.
                   A        B        C        D        E       F      G
               +--------+--------+--------+--------+--------+-----+--------+
         Total |   2854 |   2790 |     64 |    148 |   2165 |   5 |  570.8 |
       Dungeon |   2819 |   2755 |     64 |    148 |   2162 |   4 |  704.8 |
        Temple |     35 |     35 |      0 |      0 |      3 |   1 |   35.0 |
               +--------+--------+--------+--------+--------+-----+--------+

Top non-repeatable levels by time:
     D:3: 896 daAuts
     D:1: 825 daAuts
     D:2: 798 daAuts
     D:4: 298 daAuts
  Temple: 35 daAuts
